 Dungeon Crawl Stone Soup version 0.30-a0-652-gcc886f7154 (webtiles) character file.

Game seed: 17207118076728581632

11 wormed the Ducker (level 2, 0/14 HPs)
             Began as a Felid Chaos Knight on Jan 18, 2023.
             Was a Plaything of Xom.
             Slain by a bat (1 damage)
             ... on level 1 of the Dungeon.
             The game lasted 00:00:34 (278 turns).

wormed the Ducker (Felid Chaos Knight)               Turns: 278, Time: 00:00:35

Health: 0/14       AC:  1    Str:  8    XL:     2   Next: 17%
Magic:  3/3        EV: 18    Int: 13    God:    Xom [..*...]
Gold:   18         SH:  0    Dex: 15    Spells: 1/1 levels left
                                        Lives:  0   Deaths: 0

rFire   . . .      SeeInvis +      - Unarmed
rCold   . . .      Faith    .    (shield unavailable)
rNeg    . . .      Spirit   .    (body armour unavailable)
rPois   .          Reflect  .    (helmet unavailable)
rElec   .          Harm     .    (cloak unavailable)
rCorr   .          Rampage  .    (gloves unavailable)
Will    .....                    (boots unavailable)
Stlth   ++                       (no amulet)
HPRegen 0.22/turn                (no ring)
MPRegen 0.08/turn                (no ring)

@: quick
A: very small, claws 1, fangs 3, see invisible, speed 1, shaggy fur 1, stealthy
paws, no weapons or thrown items, no armour, multi-lived
a: Renounce Religion


You were on level 1 of the Dungeon.
You worshipped Xom.
You were a toy of Xom.
You visited 1 branch of the dungeon, and saw 1 of its levels.

You collected 18 gold pieces.

Inventory:

Scrolls
 c - a scroll of enchant weapon {unknown}
 d - a scroll of teleportation {unknown}
Potions
 b - a potion of flight {unknown}
Miscellaneous
 a - a piece from Xom's chessboard (15/15) (quivered)


   Skills:
 + Level 3.1 Fighting
 + Level 3.4 Dodging
 + Level 1.0 Stealth
 + Level 3.1 Unarmed Combat
 + Level 0.4 Spellcasting


You had one spell level left.
You didn't know any spells.
Your spell library was empty.

Dungeon Overview and Level Annotations

Branches:
Dungeon (1/15)

Altars:


Innate Abilities, Weirdness & Mutations

You have sharp claws.
You have razor-sharp teeth.
You have supernaturally acute eyesight. (SInv)
You cover ground quickly. (Speed+)
You are covered in fur. (AC +1)
Your paws help you pounce on unaware monsters.
You are incapable of wielding weapons or throwing items.
You cannot wear armour.
You gain extra lives every three experience levels.


Message History

A quokka comes into view.
Things that are here:
a +0 club; 11 gold pieces; a goblin corpse The bat attacks as you move away!
The bat hits you. The bat hits you but does no damage.
A bat comes into view.
The bat hits you but does no damage. The bat hits you.
The quokka twitches its whiskers.
A quokka comes into view.
The bat moves out of view.
A bat comes into view.
You scratch the quokka but do no damage.
You claw the quokka.
The quokka is severely wounded.
The bat barely misses you.
The quokka twitches its whiskers.
The quokka barely misses you.
You miss the quokka.
The quokka is severely wounded.
The quokka bites you. The bat hits you but does no damage.
You scratch the quokka but do no damage.
You bite the quokka, but do no damage.
The quokka is severely wounded.
The bat misses you. The quokka closely misses you.
The bat hits you but does no damage.
You scratch the quokka.
You kill the quokka!
The bat closely misses you. The bat barely misses you. The hobgoblin hits you.
* * * LOW HITPOINT WARNING * * *
The bat misses you. The bat closely misses you.
The bat attacks as you move away! The bat hits you.
* * * LOW HITPOINT WARNING * * *
Xom almost notices you.
Your viscous purple potion briefly glows.
The bat closely misses you. x2; The bat misses you.
The bat completely misses you. The bat attacks as you move away!
The bat misses you. The bat barely misses you. The bat hits you.
You die...

##.. .............#
######.###.####.#.####
. ..................
#.#####.##...#####
........##...#
#######.##...#
##.....## #...#).#
#...#.@## ##....b..##
..##.........#
......gbg#...##
..###...r#....# #
#....#....#
#.†..#.##.....
#....#.# .....
###....#.##.#...


You could see a quokka, a hobgoblin, a goblin and 2 bats.

Vanquished Creatures
  2 bats (D:1)
  2 endoplasms (D:1)
  2 goblins (D:1)
  2 quokkas (D:1)
  2 rats (D:1)
10 creatures vanquished.

Notes
Turn   | Place    | Note
-------+----------+-------------------------------------------
     0 | D:1      | wormed the Felid Chaos Knight began the quest for the Orb.
     0 | D:1      | Reached XP level 1. HP: 10/10 MP: 2/2
    81 | D:1      | XOM: potion effect (heal wounds)
   248 | D:1      | Reached XP level 2. HP: 14/14 MP: 3/3
   260 | D:1      | Reached skill level 1 in Stealth
   275 | D:1      | XOM: silly message
   278 | D:1      | Slain by a bat

Illustrated notes

Levels and vault maps discovered:
D:1:      lightli_iron_boxes, layout_basic, minmay_hexomino_u4

Skill      XL: |  1  2 |
---------------+-------+-----
Stealth        | 1 |  1.0
Fighting       | |  3.1
Dodging        | |  3.4
Unarmed Combat | |  3.1
Spellcasting   | |  0.4

Action                   || total
-------------------------++-------
Melee: Unarmed           ||    23
       Bite              ||     4
       Punch             ||     1
  Use: Potion            ||     1
 Stab: Sleeping          ||     1
Armor: Skin              ||    12
Dodge: Dodged            ||    19

Table legend: (Time is in decaauts)
 A = Elapsed time spent in this place.
 B = Non-inter-level travel time spent in this place.
 C = Inter-level travel time spent in this place.
 D = Time resting spent in this place.
 E = Time spent auto-exploring this place.
 F = Levels seen in this place.
 G = Mean time per level.
                   A        B        C        D        E       F      G
               +--------+--------+--------+--------+--------+-----+--------+
         Total |    235 |    235 |      0 |      0 |    171 |   1 |  235.0 |
       Dungeon |    235 |    235 |      0 |      0 |    171 |   1 |  235.0 |
               +--------+--------+--------+--------+--------+-----+--------+

Top non-repeatable levels by time:
     D:1: 235 daAuts
